 Dungeon Crawl Stone Soup version 0.30-a0-50-gb2d611f6b1 (webtiles) character file.

Game seed: 9266808854034592680

268 purpskrrrp the Ruffian (level 6, -6/59 HPs)
             Began as a Troll Fighter on Sept 4, 2022.
             Was a Believer of Elyvilon.
             Mangled by Veterankin's ghost (11 damage)
             ... on level 3 of the Dungeon.
             The game lasted 00:04:54 (2261 turns).

purpskrrrp the Ruffian (Troll Fighter)              Turns: 2261, Time: 00:04:54

Health: -6/59      AC:  4    Str: 27    XL:     6   Next: 0%
Magic:  5/5        EV:  8    Int:  4    God:    Elyvilon [**....]
Gold:   103        SH:  7    Dex:  9    Spells: 5/5 levels left

rFire   . . .      SeeInvis .      - Unarmed
rCold   . . .      Faith    .    b - +0 kite shield
rNeg    . . .      Spirit   .    a - +0 robe
rPois   .          Reflect  .    (helmet restricted)
rElec   .          Harm     .    (no cloak)
rCorr   .          Rampage  .    (gloves unavailable)
Will    .....                    (boots unavailable)
Stlth   +.........               (no amulet)
HPRegen 0.99/turn                (no ring)
MPRegen 0.09/turn                (no ring)

@: mighty
A: large, unfitting armour, claws 3, regeneration 1, shaggy fur 1, tough skin 1
a: Renounce Religion, Purification, Heal Other


You were on level 3 of the Dungeon.
You worshipped Elyvilon.
Elyvilon was pleased with you.
You visited 1 branch of the dungeon, and saw 3 of its levels.

You collected 103 gold pieces.

Inventory:

Hand Weapons
 f - a +2 whip of venom
Missiles
 g - 4 boomerangs (quivered)
Armour
 a - a +0 robe (worn)
 b - a +0 kite shield (worn)
Scrolls
 k - a scroll of amnesia {unknown}
Potions
 c - a potion of might
 d - 2 potions of degeneration
 e - a potion of attraction
 h - a potion of mutation {unknown}
 i - a potion of heal wounds {unknown}
 l - 3 potions of curing {unknown}
 n - a potion of haste {unknown}


   Skills:
 - Level 2.4 Fighting
 - Level 2.4 Dodging
 - Level 2.6 Shields
 + Level 6.3 Unarmed Combat


You had 5 spell levels left.
You didn't know any spells.
Your spell library contained the following spells:

 Spells                   Type           Power      Damage    Failure   Level
 Foxfire                  Conj/Fire      0%         2x1d4     80%         1
 Freeze                   Ice            0%         1d3       80%         1
 Conjure Flame            Conj/Fire      0%         6-21      99%         3
 Frozen Ramparts          Ice            0%         1d1       99%         3
 Inner Flame              Hex/Fire       0%         N/A       99%         3
 Flame Wave               Conj/Fire      0%         2d4       100%        4
 Hailstorm                Conj/Ice       0%         3d3       100%        4
 Ice Form                 Ice/Tmut       0%         N/A       100%        4
 Summon Ice Beast         Ice/Summ       0%         N/A       100%        4
 Summon Forest            Summ/Tloc      0%         N/A       100%        5
 Summon Mana Viper        Hex/Summ       0%         N/A       100%        5
 Summon Cactus Giant      Summ           0%         N/A       100%        6


Dungeon Overview and Level Annotations

Branches:
Dungeon (3/15)

Altars:
Elyvilon

Annotations:
D:3 Veterankin's ghost, amateur MiFi


Innate Abilities, Weirdness & Mutations

You are too large for most types of armour.
You have claws for hands.
Your natural rate of healing is unusually fast.
You are covered in fur. (AC +1)
You have tough skin. (AC +1)


Message History

You closely miss the bullfrog. The bullfrog closely misses you.
The bullfrog barely misses you.
You barely miss the bullfrog. The bullfrog hits you.
You mangle the bullfrog!!
You kill the bullfrog!
Your Unarmed Combat skill increases to level 6!
You mangle the adder!!
You kill the adder!
You have reached level 6!
You feel stronger.
You barely miss Veterankin's ghost. Veterankin's ghost closely misses you.
You barely miss Veterankin's ghost. Veterankin's ghost closely misses you.
You scratch Veterankin's ghost but do no damage.
Veterankin's ghost hits you!
You scratch Veterankin's ghost but do no damage.
Veterankin's ghost hits you!
You claw Veterankin's ghost!
Veterankin's ghost is lightly damaged.
Veterankin's ghost says, "I was promised divine protection.
So much for that."
You block Veterankin's ghost's attack.
You scratch Veterankin's ghost.
Veterankin's ghost is moderately damaged.
You block Veterankin's ghost's attack. Veterankin's ghost hits you!
* * * LOW HITPOINT WARNING * * *
Okay, then.
Okay, then.
You are confused.
You feel invigorated. Veterankin's ghost hits you!
* * * LOW HITPOINT WARNING * * *
You closely miss Veterankin's ghost.
Veterankin's ghost is moderately damaged.
Veterankin's ghost hits you!
* * * LOW HITPOINT WARNING * * *
Okay, then.
You closely miss Veterankin's ghost.
Veterankin's ghost is moderately damaged.
You feel less invigorated.
You feel less confused. Veterankin's ghost hits you!
You die...

#.......#................
#.......#.############...
#.........# #########..
#...(...#######.........#
######### #.....#########
#####.##### ##..#..#
######## #######...##
#....... ~)~~~~W@###
#......#
#######.#########....รท##
#..................#
##############.....#
#.....# #.....# #######


You could see Veterankin's ghost.

Vanquished Creatures
  A bullfrog (D:3)
  A necrophage (D:3)
  An orc priest (D:3)
  4 adders
  4 dart slugs
  3 orcs (D:3)
  5 endoplasms
  3 giant cockroaches
  9 goblins
  8 hobgoblins
  3 jackals (D:1)
  2 quokkas (D:3)
  7 ball pythons
  4 bats
  5 frilled lizards
  5 kobolds
  9 rats
74 creatures vanquished.

Notes
Turn   | Place    | Note
-------+----------+-------------------------------------------
     0 | D:1      | purpskrrrp the Troll Fighter began the quest for the Orb.
     0 | D:1      | Reached XP level 1. HP: 22/22 MP: 0/0
   147 | D:1      | Reached XP level 2. HP: 29/29 MP: 1/1
   215 | D:1      | Reached skill level 3 in Unarmed Combat
   321 | D:1      | Reached XP level 3. HP: 36/36 MP: 2/2
   660 | D:1      | Found a faded altar of an unknown god.
   706 | D:1      | Prayed at the altar of an unknown god.
   706 | D:1      | Became a worshipper of Elyvilon the Healer
   706 | D:1      | Reached * piety under Elyvilon
  1030 | D:2      | Reached skill level 4 in Unarmed Combat
  1754 | D:3      | Reached XP level 4. HP: 33/44 MP: 3/3
  1825 | D:3      | Reached skill level 5 in Unarmed Combat
  1904 | D:3      | Noticed a bullfrog
  1906 | D:3      | Found a runed translucent door.
  1906 | D:3      | Noticed Veterankin's ghost (amateur MiFi)
  1947 | D:3      | Noticed a necrophage
  1955 | D:3      | Killed a necrophage
  1956 | D:3      | Reached XP level 5. HP: 43/50 MP: 4/4
  1982 | D:3      | Reached ** piety under Elyvilon
  2252 | D:3      | Reached skill level 6 in Unarmed Combat
  2253 | D:3      | Reached XP level 6. HP: 48/59 MP: 5/5
  2260 | D:3      | HP: 1/59 [Veterankin's ghost (15)]
  2261 | D:3      | Mangled by Veterankin's ghost

Illustrated notes

Levels and vault maps discovered:
D:1:      dpeg_arrival_erosion, layout_basic,
          dilly_ecumenical_altar_fadedgnrine, nrook_mini_vaults,
          hangedman_feature_mirror, minmay_ruptured
D:2:      layout_loops_ring
D:3:      layout_rooms, ebering_ghost_sewer_d, interstate_on_off,
          minmay_misc_feat_doors

Skill      XL: |  1  2  3  4  5 |
---------------+----------------+-----
Unarmed Combat | 3 4 5 6 |  6.3
Fighting       | |  2.4
Dodging        | |  2.4
Shields        | |  2.6

Action                   |  1- 3 |  4- 6 || total
-------------------------+-------+-------++-------
Melee: Unarmed           |   134 |    65 ||   199
  Use: Scroll            |     7 |       ||     7
       Potion            |       |     2 ||     2
 Stab: Sleeping          |     1 |       ||     1
Armor: Robe              |    36 |    13 ||    49
Dodge: Dodged            |    48 |    18 ||    66
Block: Kite shield       |    43 |    14 ||    57

Table legend: (Time is in decaauts)
 A = Elapsed time spent in this place.
 B = Non-inter-level travel time spent in this place.
 C = Inter-level travel time spent in this place.
 D = Time resting spent in this place.
 E = Time spent auto-exploring this place.
 F = Levels seen in this place.
 G = Mean time per level.
                   A        B        C        D        E       F      G
               +--------+--------+--------+--------+--------+-----+--------+
         Total |   2272 |   2181 |     91 |    243 |   1467 |   3 |  757.3 |
       Dungeon |   2272 |   2181 |     91 |    243 |   1467 |   3 |  757.3 |
               +--------+--------+--------+--------+--------+-----+--------+

Top non-repeatable levels by time:
     D:1: 947 daAuts
     D:2: 778 daAuts
     D:3: 546 daAuts
